 Dungeon Crawl Stone Soup version 0.29.1-15-g9cfb28693d (console) character file.

Game seed: 6346557323223491148

65 magui the Shooter (level 4, 0/44 HPs)
             Began as an Ogre Hunter on Apr 28, 2023.
             Was a Believer of Vehumet.
             Slain by Duvessa
             ... wielding a +0 rapier
              (7 damage)
             ... on level 4 of the Dungeon on Apr 29, 2023.
             The game lasted 00:17:43 (2721 turns).

magui the Shooter (Ogre Hunter)                     Turns: 2721, Time: 00:17:43

Health: 0/44       AC:  3    Str: 15    XL:     4   Next: 13%
Magic:  0/4        EV: 14    Int: 10    God:    Vehumet [**....]
Gold:   128        SH:  0    Dex: 14    Spells: 0/3 levels left

rFire   . . .      SeeInvis .   a - +0 shortbow
rCold   . . .      Faith    .   (shield currently unavailable)
rNeg    . . .      Spirit   .   c - +0 robe
rPois   .          Reflect  .   (helmet restricted)
rElec   .          Harm     .   (no cloak)
rCorr   .          Rampage  .   (gloves unavailable)
Will    .....                   (boots unavailable)
Stlth   ++........              k - amulet of regeneration
HPRegen 0.94/turn               l - +4 ring of evasion
MPRegen 0.09/turn               (no ring)

@: no status effects
A: large, unfitting armour, tough skin 1
a: Renounce Religion


You were on level 4 of the Dungeon.
You worshipped Vehumet.
Vehumet was pleased with you.
You visited 1 branch of the dungeon, and saw 4 of its levels.

You collected 128 gold pieces.

Inventory:

Hand Weapons
 a - a +0 shortbow (weapon)
 j - a +1 short sword of freezing
Missiles
 i - 20 stones
Armour
 c - a +0 robe (worn)
 g - a +0 chain mail
Magical Staves
 f - a staff of death
Jewellery
 k - an amulet of regeneration (around neck)
 l - a +4 ring of evasion (left hand)
 m - a ring of poison resistance
 p - a ring of ice
Scrolls
 b - a scroll of immolation
 e - 3 scrolls of identify
 n - a scroll of blinking
 q - a scroll of poison
Potions
 d - a potion of lignification
 h - a potion of curing {unknown}
 o - a potion of might {unknown}


   Skills:
 + Level 2.9 Fighting
 + Level 4.0 Ranged Weapons
 + Level 2.1 Dodging
 + Level 0.6 Stealth


You couldn't memorise any spells.
You knew the following spells:

 Your Spells              Type           Power      Damage    Failure   Level
a - Sandblast             Erth           0%         2d4       36%         1
b - Scorch                Fire           0%         2d5       50%         2

Your spell library contained the following spells:

 Spells                   Type           Power      Damage    Failure   Level
 Sting                    Tmut/Pois      0%         1d3       36%         1
 Poisonous Vapours        Pois/Air       0%         N/A       50%         2
 Stone Arrow              Conj/Erth      0%         3d7       75%         3
 Animate Armour           Summ/Erth      0%         N/A       98%         4
 Olgreb's Toxic Radiance  Pois           0%         N/A       98%         4
 Lehudib's Crystal Spear  Conj/Erth      0%         10d2      100%        8


Dungeon Overview and Level Annotations

Branches:
Dungeon (4/15)
 Temple: D:4-7

Altars:
Qazlal
Sif Muna
Vehumet
Wu Jian

Annotations:
D:4 Dowan, Duvessa


Innate Abilities, Weirdness & Mutations

You are too large for most types of armour.
You have tough skin. (AC +1)


Message History

Press: ? - help, Shift-Dir - straight line, f/p - Duvessa
Aim: Duvessa, wielding a +0 rapier and wearing a +0 scale mail (86% to hit)
The blast of sand hits Duvessa but does no damage.
Duvessa hits you with a +0 rapier.
You shoot an arrow.
The arrow hits Duvessa but does no damage.
Dowan casts a spell.
Dowan blinks!
You shoot an arrow. The arrow hits Duvessa.
Duvessa is lightly wounded.
Duvessa misses you. Duvessa hits you with a +0 rapier.
Dowan points at Duvessa and mumbles some strange words.
Duvessa seems to speed up.
You shoot an arrow.
The arrow hits Duvessa but does no damage.
Duvessa is lightly wounded.
Duvessa closely misses you. Duvessa hits you with a +0 rapier.
You shoot an arrow.
The arrow hits Duvessa but does no damage.
Duvessa is lightly wounded.
Duvessa hits you with a +0 rapier!
Dowan smirks and points a slender finger.
Your magical contamination has completely faded away.
Casting: Sandblast (safe; 36% risk of failure)
Confirm with . or Enter, or press ? or * to list all spells.
Flames lash Dowan.
Dowan is moderately wounded.
Dowan's fire resistance burns away.
Duvessa closely misses you. Dowan casts a spell at you.
The puff of flame hits you! Duvessa closely misses you.
Fire: a) +0 shortbow
Press: ? - help, Q - select action, (/) - cycle Shift-Dir - straight line, f/p - Duvessa
Aim: Duvessa, wielding a +0 rapier and wearing a +0 scale mail (lightly wounded, fast, 69% to hit)
You shoot an arrow. The arrow barely misses Duvessa.
Duvessa hits you with a +0 rapier.
* * * LOW HITPOINT WARNING * * *
Dowan hits you with a +3 vampiric dagger.
* * * LOW HITPOINT WARNING * * *
Dowan draws strength from your wounds! Duvessa hits you with a +0 rapier!
You die...

## #. #.
####.#
.....#
#...##
#....##
##.....#
#@e.#.....
##e### #..
#..# #.##
#<# #.#
.## #. #.
#> ..


You could see Duvessa (fast) and Dowan (combustible).

Vanquished Creatures
  An orc wizard (D:3)
  An adder (D:2)
  A dart slug (D:1)
  2 orcs (D:3)
  7 ball pythons
  3 bats
  5 endoplasms
  A giant cockroach (D:1)
  5 goblins
  A hobgoblin (D:1)
  3 kobolds (D:3)
  2 quokkas (D:2)
  3 frilled lizards
  5 rats
40 creatures vanquished.

Vanquished Creatures (others)
  An orc wizard (D:3)
1 creature vanquished.

Grand Total: 41 creatures vanquished

Notes
Turn   | Place    | Note
-------+----------+-------------------------------------------
     0 | D:1      | magui the Ogre Hunter began the quest for the Orb.
     0 | D:1      | Reached XP level 1. HP: 22/22 MP: 1/1
    30 | D:1      | Reached skill level 3 in Ranged Weapons
    83 | D:1      | Found a faded altar of an unknown god.
   109 | D:1      | Prayed at the altar of an unknown god.
   109 | D:1      | Became a worshipper of Vehumet
   109 | D:1      | Reached * piety under Vehumet
   109 | D:1      | Offered knowledge of Sandblast by Vehumet.
   161 | D:1      | Reached XP level 2. HP: 29/29 MP: 2/2
   928 | D:2      | Reached XP level 3. HP: 29/36 MP: 3/3
  1149 | D:2      | Learned a level 1 spell: Sandblast
  1902 | D:3      | Offered knowledge of Scorch by Vehumet.
  1942 | D:3      | Found a shimmering blue altar of Sif Muna.
  2036 | D:3      | Reached ** piety under Vehumet
  2177 | D:3      | Reached XP level 4. HP: 44/44 MP: 4/4
  2180 | D:3      | Learned a level 2 spell: Scorch
  2263 | D:3      | Found an ornate altar of the Wu Jian Council.
  2275 | D:3      | Reached skill level 4 in Ranged Weapons
  2310 | D:3      | Found a stormy altar of Qazlal.
  2711 | D:4      | Noticed Duvessa
  2711 | D:4      | Noticed Dowan
  2721 | D:4      | Slain by Duvessa

Illustrated notes

Levels and vault maps discovered:
D:1:      ncdulo_watergridlock, layout_basic, basic_ecumenical_altar,
          minmay_ruptured
D:2:      layout_loops_ring
D:3:      layout_loops_corners, nicolae_qazlal_general_emergency, led_sif_book,
          mainiacjoe_overflow_concentric_impassable
D:4:      layout_layer_cave, serial_shops, shop_fountains, nicolae_wormholes,
          uniq_duvessa

Skill      XL: |  1  2  3  4 |
---------------+-------------+-----
Ranged Weapons | 3 4 |  4.0
Dodging        | 2 |  2.1
Fighting       | |  2.9
Stealth        | |  0.6

Action                   |  1- 3 |  4- 6 || total
-------------------------+-------+-------++-------
 Fire: Shortbow          |   110 |    22 ||   132
 Cast: Sandblast         |       |     2 ||     2
       Scorch            |       |     1 ||     1
  Use: Scroll            |     3 |     2 ||     5
Armor: Robe              |    17 |     1 ||    18
Dodge: Dodged            |    26 |    13 ||    39
